 Dungeon Crawl Stone Soup version 0.28-b1-70-g80dc712255 (webtiles) character file.

Game seed: 6207961027752408617

137 Kranky the Digger (level 5, -8/37 HPs)
             Began as a Gnoll Wanderer on Feb 4, 2022.
             Killed from afar by Sigmund (9 damage)
             ... with a puff of flame
             ... on level 3 of the Dungeon.
             The game lasted 00:04:48 (3165 turns).

Kranky the Digger (Gnoll Wanderer)                  Turns: 3165, Time: 00:04:49

Health: -8/37      AC:  6    Str: 13    XL:     5   Next: 20%
Magic:  9/9        EV: 12    Int: 13    God:
Gold:   90         SH:  0    Dex: 10    Spells: 9/10 levels left

rFire   . . .      SeeInvis .   g - +2 dagger (venom)
rCold   . . .      Faith    .   (no shield)
rNeg    . . .      Spirit   .   h - +0 ring mail
rPois   .          Reflect  .   (no helmet)
rElec   .          Harm     .   (no cloak)
rCorr   .          Rampage  .   (no gloves)
Will    .....                   d - +0 pair of boots
Stlth   ..........              (no amulet)
HPRegen 0.12/turn               (no ring)
MPRegen 0.11/turn               (no ring)

@: confused
A: fangs 1, strong nose, distributed training
a: no special abilities


You were on level 3 of the Dungeon.
You visited 1 branch of the dungeon, and saw 3 of its levels.

You collected 90 gold pieces.

Inventory:

Hand Weapons
 a - a +0 club
 g - a +2 dagger of venom (weapon)
Missiles
 b - 87 stones (quivered)
 i - 2 poisoned darts
Armour
 c - a +0 robe
 d - a +0 pair of boots (worn)
 h - a +0 ring mail (worn)
 p - a +0 scale mail
Jewellery
 q - a +6 ring of dexterity
Scrolls
 e - a scroll of enchant armour {unknown}
 f - 2 scrolls of magic mapping {unknown}
 j - a scroll of teleportation {unknown}
 k - 2 scrolls of blinking {unknown}
 l - a scroll of identify {unknown}
 m - a scroll of brand weapon {unknown}
 n - a scroll of immolation {unknown}
 r - a scroll of amnesia {unknown}
Potions
 o - a potion of curing


   Skills:
 + Level 1.4 Fighting
 + Level 1.4 Short Blades
 + Level 1.4 Long Blades
 + Level 1.4 Axes
 + Level 1.4 Maces & Flails
 + Level 1.4 Polearms
 + Level 1.4 Staves
 + Level 1.4 Slings
 + Level 1.4 Bows
 + Level 1.4 Crossbows
 + Level 1.4 Throwing
 + Level 2.9 Armour
 + Level 6.6 Dodging
 + Level 1.4 Stealth
 + Level 1.4 Shields
 + Level 1.4 Unarmed Combat
 + Level 3.1 Spellcasting
 + Level 1.1 Conjurations
 + Level 1.1 Hexes
 + Level 2.3 Summonings
 + Level 1.1 Necromancy
 + Level 1.1 Translocations
 + Level 1.1 Transmutations
 + Level 1.1 Fire Magic
 + Level 1.1 Ice Magic
 + Level 1.1 Air Magic
 + Level 7.2 Earth Magic
 + Level 1.1 Poison Magic
 + Level 1.5 Invocations
 + Level 1.4 Evocations


You had 9 spell levels left.
You knew the following spells:

 Your Spells              Type           Power      Damage    Failure   Level
a - Sandblast             Erth           40%        2d10      2%          1

Your spell library contained the following spells:

 Spells                   Type           Power      Damage    Failure   Level
 Passwall                 Tmut/Erth      10%        N/A       13%         2
 Summon Small Mammal      Summ           32%        N/A       19%         1
 Ensorcelled Hibernation  Hex/Ice        8%         N/A       41%         2
 Call Canine Familiar     Summ           8%         N/A       47%         3
 Animate Armour           Summ/Erth      28%        N/A       54%         4
 Petrify                  Tmut/Erth      12%        N/A       63%         4
 Frozen Ramparts          Ice            8%         1d2       65%         3
 Swiftness                Air            4%         N/A       65%         3
 Summon Ice Beast         Ice/Summ       6%         N/A       92%         4
 Ice Form                 Ice/Tmut       4%         N/A       96%         4


Dungeon Overview and Level Annotations

Branches:
Dungeon (3/15)

Altars:
Gozag

Annotations:
D:3 Sigmund


Innate Abilities, Weirdness & Mutations

You have very sharp teeth.
Your uncanny sense of smell can sniff out nearby items.
Your experience applies equally to all skills.


Message History

* * * LOW HITPOINT WARNING * * *
There is an open door here.
A ball python comes into view.
The ball python hisses angrily.
The ball python bites you but does no damage.
The ball python barely misses you.
You hear a zap.
A puff of flame appears from out of thin air!
The puff of flame misses you. The ball python closely misses you.
The ball python barely misses you. The ball python closely misses you. x2
The ball python bites you but does no damage.
The ball python misses you. The ball python closely misses you.
The ball python grabs you. The ball python constricts you.
You escape the ball python's grasp.
You hear a zap.
A puff of flame appears from out of thin air!
The puff of flame misses you.
You hit the ball python.
The ball python is severely wounded.
The ball python misses you. x2
You hear some strange, mumbled words.
You are confused.
The ball python barely misses you. The ball python misses you.
You hear some strange, mumbled words.
A puff of flame appears from out of thin air!
The puff of flame hits you.
* * * LOW HITPOINT WARNING * * *
The ball python bites you but does no damage.
The ball python grabs you. The ball python constricts you.
You hit the ball python.
You kill the ball python!
You hear some strange, mumbled words.
Something tries to affect you, but you resist.
You're too confused to move!
Sigmund appears from thin air!
Reactivating autopickup.
Sigmund gestures at you while chanting. The puff of flame hits you!
You die...

#.# #.# ######.#
### #......# #<#
###......########.#
.................>#
#......#########.#
#......{##### #.#
#.......#..@# #.#
#.......#@#.####(#
#.......#.#...##.#
#.##+##'#<###.##.#
......[........##.#
##.##......######.#
∆ +..............
#.....######.##
####### @


You could see Sigmund.

Vanquished Creatures
  A jelly (D:2)
  Terence (D:2)
  4 adders (D:2)
  2 dart slugs (D:2)
  4 ball pythons
  3 bats
  2 endoplasms (D:1)
  A giant cockroach (D:2)
  5 goblins
  3 hobgoblins (D:2)
  6 jackals
  2 kobolds (D:1)
  2 frilled lizards
  6 rats
42 creatures vanquished.

Notes
Turn   | Place    | Note
-------+----------+-------------------------------------------
     0 | D:1      | Kranky the Gnoll Wanderer began the quest for the Orb.
     0 | D:1      | Kranky set off with the following items: a +0 club, 32
                  | stones, a +0 robe, a +0 pair of boots; and the following
                  | spells available to memorise: Sandblast, Summon Small
                  | Mammal, Call Canine Familiar, Animate Armour, Petrify
     0 | D:1      | Reached XP level 1. HP: 13/13 MP: 4/4
    27 | D:1      | Learned a level 1 spell: Sandblast
   534 | D:1      | Found a faded altar of an unknown god.
   613 | D:1      | Reached XP level 2. HP: 19/19 MP: 5/5
  1232 | D:1      | Reached XP level 3. HP: 25/25 MP: 7/7
  1519 | D:2      | Reached skill level 1 in Invocations
  1796 | D:2      | Reached skill level 1 in Fighting
  1796 | D:2      | Reached skill level 1 in Short Blades
  1796 | D:2      | Reached skill level 1 in Long Blades
  1796 | D:2      | Reached skill level 1 in Axes
  1796 | D:2      | Reached skill level 1 in Maces & Flails
  1796 | D:2      | Reached skill level 1 in Polearms
  1796 | D:2      | Reached skill level 1 in Staves
  1796 | D:2      | Reached skill level 1 in Slings
  1796 | D:2      | Reached skill level 1 in Bows
  1796 | D:2      | Reached skill level 1 in Crossbows
  1796 | D:2      | Reached skill level 1 in Throwing
  1796 | D:2      | Reached skill level 1 in Stealth
  1796 | D:2      | Reached skill level 1 in Shields
  1796 | D:2      | Reached skill level 1 in Unarmed Combat
  1796 | D:2      | Reached skill level 1 in Evocations
  1796 | D:2      | Reached XP level 4. HP: 32/32 MP: 8/8
  2015 | D:2      | HP: 1/32 [poisoned by an adder]
  2342 | D:2      | Noticed Terence
  2369 | D:2      | Killed Terence
  2370 | D:2      | Reached skill level 1 in Conjurations
  2370 | D:2      | Reached skill level 1 in Hexes
  2370 | D:2      | Reached skill level 1 in Necromancy
  2370 | D:2      | Reached skill level 1 in Translocations
  2370 | D:2      | Reached skill level 1 in Transmutations
  2370 | D:2      | Reached skill level 1 in Fire Magic
  2370 | D:2      | Reached skill level 1 in Ice Magic
  2370 | D:2      | Reached skill level 1 in Air Magic
  2370 | D:2      | Reached skill level 1 in Poison Magic
  2679 | D:2      | Reached XP level 5. HP: 8/37 MP: 9/9
  2930 | D:2      | Found an opulent altar of Gozag.
  3106 | D:3      | Noticed Sigmund
  3163 | D:3      | HP: 1/37 [something/puff of flame (5)]
  3165 | D:3      | Killed from afar by Sigmund

Illustrated notes

Levels and vault maps discovered:
D:1:      lightli_arrival_maybe_door_vault, layout_basic,
          chequers_ecumenical_altar_island
D:2:      layout_basic, basic_altar, uniq_terence
D:3:      layout_basic, uniq_sigmund, uniq_crazy_yiuf_cottage

Skill      XL: |  1  2  3  4 |
---------------+-------------+-----
Summonings     | 2 |  2.3
Invocations    | 1 |  1.5
Fighting       | 1 |  1.4
Short Blades   | 1 |  1.4
Long Blades    | 1 |  1.4
Axes           | 1 |  1.4
Maces & Flails | 1 |  1.4
Polearms       | 1 |  1.4
Staves         | 1 |  1.4
Slings         | 1 |  1.4
Bows           | 1 |  1.4
Crossbows      | 1 |  1.4
Throwing       | 1 |  1.4
Stealth        | 1 |  1.4
Shields        | 1 |  1.4
Unarmed Combat | 1 |  1.4
Evocations     | 1 |  1.4
Spellcasting   | 3 |  3.1
Conjurations   | 1 |  1.1
Hexes          | 1 |  1.1
Necromancy     | 1 |  1.1
Translocations | 1 |  1.1
Transmutations | 1 |  1.1
Fire Magic     | 1 |  1.1
Ice Magic      | 1 |  1.1
Air Magic      | 1 |  1.1
Poison Magic   | 1 |  1.1
Armour         | |  2.9
Dodging        | |  6.6
Earth Magic    | |  7.2

Action                   |  1- 3 |  4- 6 || total
-------------------------+-------+-------++-------
Melee: Dagger            |    88 |    55 ||   143
       Club              |     4 |       ||     4
       Bite              |     8 |     8 ||    16
       Punch             |     1 |     1 ||     2
Armor: Robe              |     1 |       ||     1
       Ring mail         |    46 |    12 ||    58
Dodge: Dodged            |    53 |    33 ||    86
